 Dungeon Crawl Stone Soup version 0.28.0-49-g6dfe1f597d (webtiles) character file.

Game seed: 6786801092518446376

978 Peloso the Slasher (level 7, -5/61 HPs)
             Began as a Minotaur Fighter on May 11, 2022.
             Was a Follower of Okawaru.
             Slain by a two-headed ogre
             ... wielding a +0 giant club
              (11 damage)
             ... on level 6 of the Dungeon.
             The game lasted 00:09:24 (6079 turns).

Peloso the Slasher (Minotaur Fighter)               Turns: 6079, Time: 00:09:24

Health: -5/61      AC: 16    Str: 20    XL:     7   Next: 95%
Magic:  6/6        EV:  6    Int:  5    God:    Okawaru [*.....]
Gold:   283        SH:  5    Dex: 12    Spells: 6/6 levels left

rFire   . . .      SeeInvis .   a - +0 long sword
rCold   . . .      Faith    .   c - +0 buckler
rNeg    . . .      Spirit   .   n - +0 plate armour
rPois   .          Reflect  .   (helmet restricted)
rElec   .          Harm     .   (no cloak)
rCorr   .          Rampage  .   f - +1 pair of gloves
Will    .....                   v - +0 pair of boots
Stlth   ..........              (no amulet)
HPRegen 0.20/turn               (no ring)
MPRegen 0.10/turn               (no ring)

@: no status effects
A: horns 2, retaliatory headbutt
a: Renounce Religion, Heroism


You were on level 6 of the Dungeon.
You worshipped Okawaru.
Okawaru was aware of your devotion.
You visited 2 branches of the dungeon, and saw 7 of its levels.

You collected 321 gold pieces.
You spent 38 gold pieces at shops.

Inventory:

Hand Weapons
 a - a +0 long sword (weapon)
 b - a +1 whip of flaming
Armour
 c - a +0 buckler (worn)
 f - a +1 pair of gloves (worn)
 n - a +0 plate armour (worn)
 v - a +0 pair of boots (worn)
Jewellery
 t - a ring of see invisible
Wands
 o - a wand of acid (12)
 y - a wand of digging (7)
Scrolls
 k - 2 scrolls of teleportation {unknown}
 l - 2 scrolls of immolation {unknown}
 m - 2 scrolls of magic mapping
 p - 2 scrolls of enchant armour
 s - a scroll of fear {unknown}
 u - 2 scrolls of identify
 x - a scroll of blinking {unknown}
 z - a scroll of enchant weapon {unknown}
 B - a scroll of amnesia {unknown}
Potions
 d - 2 potions of might
 e - a potion of flight
 g - 2 potions of curing
 h - a potion of brilliance
 i - a potion of cancellation
 j - 3 potions of heal wounds
 q - a potion of resistance
 r - a potion of mutation
 w - a potion of haste {unknown}
 A - a potion of invisibility {unknown}


   Skills:
 + Level 5.4 Fighting
 + Level 7.7 Long Blades
 + Level 6.6 Armour
 + Level 0.5 Dodging
 + Level 5.4 Shields


You had 6 spell levels left.
You didn't know any spells.
Your spell library contained the following spells:

 Spells                   Type           Power      Damage    Failure   Level
 Chain Lightning          Conj/Air       0%         N/A       100%        9
 Fire Storm               Conj/Fire      0%         5d1       100%        9
 Shatter                  Erth           0%         3d5*      100%        9


Dungeon Overview and Level Annotations

Branches:
Dungeon (6/15)             Temple (1/1) D:5

Altars:
Cheibriados
Elyvilon
Fedhas
Gozag
Kikubaaqudgha
Okawaru
Qazlal
Ru
Sif Muna
Trog
Vehumet
Wu Jian
Xom
Yredelemnul
The Shining One

Shops:
D:1 ?:(

Annotations:
D:6 4 runed translucent doors


Innate Abilities, Weirdness & Mutations

You have a pair of horns on your head.
You reflexively headbutt those who attack you in melee.


Message History

The white imp is lightly wounded.
The howler monkey hoots and howls with incredible vigour!
The white imp hits you but does no damage.
You slash the white imp!
The white imp is almost dead.
You barely miss the two-headed ogre.
You hit the two-headed ogre but do no damage.
The two-headed ogre hits you with a +0 giant club!
The two-headed ogre hits you but does no damage.
You slash the two-headed ogre! You headbutt the two-headed ogre.
The two-headed ogre is moderately wounded.
The two-headed ogre hits you with a +0 giant club!
You block the two-headed ogre's attack.
You slash the two-headed ogre!
The two-headed ogre is heavily wounded.
The two-headed ogre hits you with a +0 giant club!
The two-headed ogre barely misses you.
You hit the two-headed ogre but do no damage.
You headbutt the two-headed ogre, but do no damage.
The two-headed ogre is heavily wounded.
The two-headed ogre hits you but does no damage.
The two-headed ogre barely misses you.
You slash the two-headed ogre!
You headbutt the two-headed ogre, but do no damage.
The two-headed ogre is severely wounded.
The two-headed ogre hits you with a +0 giant club.
The two-headed ogre hits you with a +0 giant spiked club.
The white imp shouts, "Embrace thy fall, thou clouted flap-mouthed toady!"
You hit the two-headed ogre but do no damage.
The two-headed ogre is severely wounded.
You barely miss the two-headed ogre. You headbutt the two-headed ogre.
The two-headed ogre is severely wounded.
The two-headed ogre barely misses you.
The two-headed ogre hits you but does no damage.
You hit the two-headed ogre.
The two-headed ogre is severely wounded.
The two-headed ogre hits you with a +0 giant club!
* * * LOW HITPOINT WARNING * * *
The two-headed ogre hits you with a +0 giant spiked club!
You die...

############..#............#
##.#............#
#....).........#
##.(...........#
########...#######.###
##...(..............#
##........#..#########
#..######....#####
#.##h5O@##.......#
#.#.####.#...###.## #.#
#.##........## #.#
##.'.##++##..# #.#
#####8C.8##.# #.##
#8....8#.##### #..#
#?....$#.))... #..#
#)....?#.##### #.##
#8....8#......


You could see a two-headed ogre, a howler monkey and a white imp.

Vanquished Creatures
  A steam dragon (D:6)
  A sky beast (D:6)
  A necrophage (D:4)
  An ogre (D:6)
  A centaur (D:5)
  A water moccasin skeleton (D:5)
  A centaur zombie (D:3)
  A hound (D:4)
  A jelly (D:5)
  2 orc priests (D:4)
  A gnoll shaman (D:4)
  2 scorpion zombies (D:5)
  A howler monkey zombie (D:4)
  5 adders
  5 gnolls
  A shadow imp (D:6)
  A white imp (D:5)
  A dart slug (D:2)
  17 orcs
  9 endoplasms
  A giant cockroach (D:1)
  5 hobgoblins
  10 jackals
  7 quokkas
  5 ball pythons
  2 bats
  2 frilled lizards (D:1)
  4 goblins
  8 kobolds
  4 rats
102 creatures vanquished.

Vanquished Creatures (others)
  An orc (D:6)
1 creature vanquished.

Grand Total: 103 creatures vanquished

Notes
Turn   | Place    | Note
-------+----------+-------------------------------------------
     0 | D:1      | Peloso the Minotaur Fighter began the quest for the Orb.
     0 | D:1      | Reached XP level 1. HP: 19/19 MP: 0/0
    32 | D:1      | Found Emoriu's Book Shop.
   190 | D:1      | Reached XP level 2. HP: 27/27 MP: 1/1
   571 | D:1      | Found Urikyps's Weapon Shoppe.
   630 | D:1      | Found Weleacoz's Magic Scroll Emporium.
   635 | D:1      | Bought a scroll of magic mapping for 38 gold pieces
   840 | D:2      | Reached XP level 3. HP: 32/33 MP: 2/2
   933 | D:2      | Reached skill level 3 in Long Blades
  1513 | D:2      | Found a faded altar of an unknown god.
  1840 | D:3      | Reached XP level 4. HP: 39/40 MP: 3/3
  2240 | D:3      | Found a blossoming altar of Fedhas.
  2353 | D:3      | Reached skill level 4 in Long Blades
  2886 | D:4      | Reached XP level 5. HP: 44/46 MP: 4/4
  2928 | D:4      | Reached skill level 5 in Armour
  2973 | D:4      | Found an iron altar of Okawaru.
  3001 | D:4      | Became a worshipper of Warmaster Okawaru
  3569 | D:5      | Entered Level 5 of the Dungeon
  3569 | D:5      | Noticed a centaur
  3573 | D:5      | Killed a centaur
  3574 | D:5      | Reached skill level 5 in Long Blades
  3583 | D:4      | Reached XP level 6. HP: 30/53 MP: 5/5
  4336 | D:5      | Reached skill level 6 in Long Blades
  4464 | D:4      | Reached * piety under Okawaru
  4469 | D:4      | Reached XP level 7. HP: 59/60 MP: 6/6
  4591 | D:4      | Reached skill level 5 in Fighting
  4847 | D:5      | Reached skill level 5 in Shields
  4849 | D:5      | Found a staircase to the Ecumenical Temple.
  4904 | Temple   | Entered the Ecumenical Temple
  5579 | D:6      | Noticed a steam dragon
  5589 | D:6      | Killed a steam dragon
  5590 | D:6      | Reached skill level 7 in Long Blades
  5877 | D:6      | Found a large runed translucent door.
  5880 | D:6      | Noticed a cyclops
  5880 | D:6      | Noticed a manticore
  5881 | D:6      | Found a large runed translucent door.
  5959 | D:6      | Found a large runed translucent door.
  5959 | D:6      | Found a large runed translucent door.
  6066 | D:6      | Noticed a two-headed ogre
  6079 | D:6      | Slain by a two-headed ogre

Illustrated notes

Levels and vault maps discovered:
D:1:      shiori_arrival_maze, layout_rooms, serial_shops, shop, shop_statue,
          shop, serial_bayou_ford_a
D:2:      layout_basic, ebering_ecumenical_altar_box
D:3:      layout_basic, mainiacjoe_overflow_alcove_2
D:4:      layout_basic, kennysheep_mini_moat
D:5:      layout_gridville, minmay_temple_entry_arrows,
          corexii_mini_fake_secret_closet, nrook_mini_vaults
D:6:      layout_basic, minmay_hollow_rounded_squares
Temple:   oiseaux_autumnal_temple

Skill      XL: |  1  2  3  4  5  6  7 |
---------------+----------------------+-----
Armour         | 4 5 6 |  6.6
Shields        | 4 5 |  5.4
Long Blades    | 3 4 5 6 7 |  7.7
Fighting       | 4 5 |  5.4
Dodging        | |  0.5

Action                   |  1- 3 |  4- 6 |  7- 9 || total
-------------------------+-------+-------+-------++-------
Melee: Long sword        |    83 |   121 |    67 ||   271
       Headbutt          |    15 |    30 |    12 ||    57
Invok: Heroism           |       |       |     1 ||     1
  Use: Scroll            |     3 |     6 |       ||     9
       Potion            |     2 |       |       ||     2
Armor: Scale mail        |    36 |       |       ||    36
       Plate armour      |    38 |    82 |    41 ||   161
Dodge: Dodged            |    49 |    33 |    18 ||   100
Block: Buckler           |    25 |    28 |    20 ||    73
